 Seeded DCSS version 0.30-a0-381-g6ea064c (webtiles) character file.

Game seed: 5008941205017915560 (custom seed)

105 malesh the Trooper (level 4, -1/35 HPs)
             Began as a Mummy Fighter on Dec 1, 2022.
             Slain by a centaur (6 damage)
             ... on level 4 of the Dungeon.
             The game lasted 00:08:10 (2975 turns).

malesh the Trooper (Mummy Fighter)                  Turns: 2975, Time: 00:08:11

Health: -1/35      AC:  6    Str: 21    XL:     4   Next: 54%
Magic:  4/4        EV:  9    Int:  7    God:
Gold:   185        SH:  4    Dex: 11    Spells: 3/3 levels left

rFire   x . .      SeeInvis .    a - +0 mace
rCold   + . .      Faith    +    c - +0 buckler
rNeg    + + +      Spirit   .    b - +0 scale mail
rPois   ∞          Reflect  .    (no helmet)
rElec   .          Harm     .    (no cloak)
rCorr   .          Rampage  .    (no gloves)
Will    .....                    (no boots)
Stlth   ..........               (no amulet)
HPRegen 0.25/turn                g - ring of flight
MPRegen 0.09/turn                (no ring)

@: flying
A: cold resistance 1, negative energy resistance 3, torment resistance 2, heat
vulnerability 1, in touch with death 1, no potions, faith
a: no special abilities


You were on level 4 of the Dungeon.
You visited 1 branch of the dungeon, and saw 4 of its levels.

You collected 185 gold pieces.

Inventory:

Hand Weapons
 a - a +0 mace (weapon)
 d - a +0 long sword
 e - a +0 morningstar
 l - a +0 flail
Armour
 b - a +0 scale mail (worn)
 c - a +0 buckler (worn)
Jewellery
 g - a ring of flight (left hand)
Scrolls
 f - 2 scrolls of teleportation
 i - a scroll of magic mapping
 j - a scroll of noise
 k - a scroll of amnesia


   Skills:
 + Level 3.2 Fighting
 - Level 1.7 Long Blades
 + Level 1.6 Maces & Flails
 + Level 3.0 Armour
 + Level 0.7 Dodging
 + Level 3.0 Shields


You had 3 spell levels left.
You didn't know any spells.
Your spell library contained the following spells:

 Spells                   Type           Power      Damage    Failure   Level
 Kiss of Death            Conj/Necr      0%         2d5       86%         1
 Ensorcelled Hibernation  Hex/Ice        0%         N/A       94%         2
 Passwall                 Tmut/Erth      0%         N/A       94%         2
 Confusing Touch          Hex            0%         N/A       99%         3
 Swiftness                Air            0%         N/A       99%         3
 Dispel Undead            Necr           0%         3d6       100%        4


Dungeon Overview and Level Annotations

Branches:
Dungeon (4/15)
 Temple: D:4-7

Altars:
Ashenzari
Xom
Yredelemnul


Innate Abilities, Weirdness & Mutations

You are immune to poison.
Your flesh is cold resistant. (rC+)
You are immune to negative energy. (rN+++)
You are immune to unholy pain and torment.
You are vulnerable to heat. (rF-)
You are in touch with the powers of death.
You do not drink.
You have a special connection with the divine. (Faith)


Message History

The arrow hits you!
There is an open door here.
You hit the centaur but do no damage.
The centaur unwields a +0 shortbow.
The centaur hits you.
The centaur kicks you but does no damage.
The centaur hits you but does no damage.
The centaur barely misses you.
You thump the centaur!
The centaur is moderately wounded.
The centaur hits you.
The centaur kicks you but does no damage.
The centaur closely misses you. The centaur barely misses you.
You barely miss the centaur.
The centaur is moderately wounded.
The centaur hits you but does no damage.
The centaur kicks you but does no damage.
The centaur hits you. The centaur completely misses you.
You barely miss the centaur.
The centaur is moderately wounded.
The centaur closely misses you. The centaur kicks you.
The centaur closely misses you. x2
You sock the centaur!
The centaur is severely wounded.
The centaur hits you.
The centaur kicks you but does no damage.
The centaur hits you.
* * * LOW HITPOINT WARNING * * *
The centaur kicks you but does no damage.
You hit the centaur.
The centaur is almost dead.
The centaur closely misses you. You block the centaur's attack.
The centaur hits you.
* * * LOW HITPOINT WARNING * * *
The centaur misses you.
You barely miss the centaur.
The centaur is almost dead.
The centaur hits you.
* * * LOW HITPOINT WARNING * * *
You block the centaur's attack. The centaur hits you.
You die...

.............##### #.#
..............# #.#
...............# #.#
................# ..#
............$...# #.#
...............## #.#
................ #.#
...............c#### #.
#.# ................@..#
#.##†#
.<.........#....##.######
#.##.# ......... #....
#......###.#..##
......... #####
######..##.#....
........# ##..#.#..##
.......## ##.#.#..##
###....# #.#...... ....#
#....#..# ###.# ####.....


You could see a centaur.

Vanquished Creatures
  2 adders (D:2)
  2 worms
  5 dart slugs
  3 orcs (D:3)
  5 endoplasms
  2 giant cockroaches
  5 hobgoblins
  2 jackals (D:1)
  A quokka (D:2)
  7 ball pythons
  7 bats
  5 frilled lizards
  8 goblins
  7 kobolds
  6 rats
67 creatures vanquished.

Notes
Turn   | Place    | Note
-------+----------+-------------------------------------------
     0 | D:1      | malesh the Mummy Fighter began the quest for the Orb.
     0 | D:1      | Reached XP level 1. HP: 18/18 MP: 1/1
   151 | D:1      | Found a faded altar of an unknown god.
   321 | D:1      | Reached XP level 2. HP: 22/24 MP: 2/2
   926 | D:2      | Gained mutation: You are in touch with the powers of death.
                  | [Mummy growth]
   926 | D:2      | Reached XP level 3. HP: 27/29 MP: 3/3
  1562 | D:2      | Reached skill level 1 in Maces & Flails
  1756 | D:2      | Found a shimmering altar of Xom.
  1925 | D:3      | Reached XP level 4. HP: 35/35 MP: 4/4
  1999 | D:3      | Found a basalt altar of Yredelemnul.
  2774 | D:4      | Found a broken altar of Ashenzari.
  2796 | D:4      | Noticed a centaur
  2975 | D:4      | Slain by a centaur

Illustrated notes

Levels and vault maps discovered:
D:1:      nzn_arrival_depleted_hourglass, layout_basic,
          nicolae_ecumenical_lake_church, st_stairs_5, minmay_tromino_mix6
D:2:      minmay_general_purpose_star, layout_basic, basic_altar
D:3:      layout_basic, mainiacjoe_overflow_concentric_impassable
D:4:      layout_basic, mainiacjoe_overflow_big_doors, minmay_unequal,
          uniq_menkaure, uniq_ijyb

Skill      XL: |  1  2  3  4 |
---------------+-------------+-----
Maces & Flails | 1 |  1.6
Shields        | 3 |  3.0
Armour         | 3 |  3.0
Fighting       | |  3.2
Long Blades    | |  1.7
Dodging        | |  0.7

Action                   |  1- 3 |  4- 6 || total
-------------------------+-------+-------++-------
Melee: Mace              |   151 |    77 ||   228
       Long sword        |    11 |       ||    11
  Use: Scroll            |     1 |     6 ||     7
Armor: Scale mail        |    84 |    38 ||   122
Dodge: Dodged            |    75 |    38 ||   113
Block: Buckler           |    47 |    17 ||    64

Table legend: (Time is in decaauts)
 A = Elapsed time spent in this place.
 B = Non-inter-level travel time spent in this place.
 C = Inter-level travel time spent in this place.
 D = Time resting spent in this place.
 E = Time spent auto-exploring this place.
 F = Levels seen in this place.
 G = Mean time per level.
                   A        B        C        D        E       F      G
               +--------+--------+--------+--------+--------+-----+--------+
         Total |   3070 |   3000 |     70 |    134 |   2228 |   4 |  767.5 |
       Dungeon |   3070 |   3000 |     70 |    134 |   2228 |   4 |  767.5 |
               +--------+--------+--------+--------+--------+-----+--------+

Top non-repeatable levels by time:
     D:2: 1032 daAuts
     D:1: 940 daAuts
     D:3: 805 daAuts
     D:4: 293 daAuts
